 Dungeon Crawl Stone Soup version 0.31.0-4-g52a2dc7128 (webtiles) character file.

Game seed: 1065987169341039600

31 Colgate the Sneak (level 3, -1/15 (26) HPs)
             Began as a Formicid Wanderer on Jan 22, 2024.
             Slain by Sigmund
             ... wielding a +0 scythe
              (5 damage)
             ... on level 2 of the Dungeon.
             The game lasted 00:05:51 (1492 turns).

Colgate the Sneak (Formicid Wanderer)               Turns: 1492, Time: 00:05:51

HP:   -1/15 (26)    AC:  4    Str: 14    XL:     3   Next: 40%
MP:   3/3           EV: 11    Int: 11    God:
Gold: 79            SH:  0    Dex: 17    Spells: 2/2 levels left

rFire   . . .        b - +0 dagger (drain)
rCold   . . .        (no shield)
rNeg    . . .        e - +0 leather armour
rPois   .            (helmet unavailable)
rElec   .            (no cloak)
rCorr   .            (no gloves)
SInv    +            c - +0 pair of boots
Will    .....        (no amulet)
Stlth   +++          (no ring)
HPRegen 0.22/turn    (no ring)
MPRegen 0.08/turn

%: no passive effects
@: very heavily drained
A: permanent stasis, dig shafts and tunnels, antennae 3, four strong arms
a: Dig, Shaft Self


You were on level 2 of the Dungeon.
You visited 1 branch of the dungeon, and saw 2 of its levels.

You collected 79 gold pieces.

Inventory:

Hand Weapons
 a - a +2 short sword
 b - a +0 dagger of draining (weapon)
Armour
 c - a +0 pair of boots (worn)
 e - a +0 leather armour (worn)
 l - a +0 cloak
Scrolls
 d - a scroll of fog
 h - a scroll of amnesia
Potions
 f - 2 potions of curing {@q1}
 g - a potion of attraction
 j - a potion of enlightenment {unknown}
 k - a potion of brilliance {unknown}


   Skills:
 - Level 1.1 Fighting
 - Level 4.0 Short Blades
 - Level 1.1 Armour
 + Level 5.4 Stealth
 - Level 1.1 Evocations


You had 2 spell levels left.
You didn't know any spells.
Your spell library contained the following spells:

 Spells                   Type           Power      Damage    Failure   Level
 Freeze                   Ice            0%         1d3       41%         1
 Frozen Ramparts          Ice            0%         1d1       78%         3
 Hailstorm                Conj/Ice       0%         3d5       78%         3


Dungeon Overview and Level Annotations

Branches:
Dungeon (2/15)

Altars:

Annotations:
D:2 Sigmund, Terence


Innate Abilities, Weirdness & Mutations

You cannot be hasted, slowed, berserked, paralysed or teleported.
You can dig through walls and to a lower floor.
You have a pair of large antennae on your head. (SInv)
Your four strong arms can wield two-handed weapons with a shield.


Message History

Have to go through D:1.
Continue?
Okay, then.
There is an open door here.
There is an open door here.
You see here a +0 whip.
There is a stone staircase leading up here.
As you read the scroll labelled YMIFUY WOTA, it crumbles to dust.
You feel a strange sense of stasis.
It was a scroll of teleportation.
You start waiting.
Done waiting.
Unknown command.
There is a stone staircase leading up here.
You see here a +0 whip.
There is an open door here.
There is an open door here.
You extend your mandibles.
You dig through the rock wall.
You feel drained.
You dig through the rock wall.
You feel drained.
You dig through the rock wall.
You feel drained.
You dig through the rock wall.
You feel drained.
Really walk into a travel-excluded area?
You dig through the rock wall.
You feel drained.
Really walk into a travel-excluded area?
You dig through the rock wall.
You feel drained.
Found a green potion.
Sigmund shouts!
Sigmund hits you from afar with a +0 scythe.
You retract your mandibles.
Found a stone staircase leading down.
You closely miss Sigmund. Sigmund closely misses you.
You hit Sigmund. Sigmund hits you with a +0 scythe.
You closely miss Sigmund. You hit Sigmund. You drain Sigmund.
Sigmund closely misses you.
You hit Sigmund. You drain Sigmund. You hit Sigmund. You drain Sigmund.
Sigmund points at you and mumbles some strange words.
The magic dart hits you!
Ouch! That really hurt!
* * * LOW HITPOINT WARNING * * *
You hit Sigmund but do no damage. Sigmund hits you with a +0 scythe.
You die...
Sigmund begins carving another notch in his scythe.

#.......# #.#.#.#
#.......# #.#.#.#
###.#'### #.#.#.# #.#.#
#.#.#.# # #.#.# #.#.#.# #
#.#.# #.#.#.# # #.#.#
#..<..# #
######.#.###############
...!....@.............#..
#.#######@###########.#.#
.# #.#.# .# #.#.# .#
#.#.# .# #.#.# >. #.#.#
## #.#.# #.#.#


You could see Sigmund (very drained).

Vanquished Creatures
  An adder (D:2)
  A dart slug (D:2)
  2 bats
  2 endoplasms (D:1)
  2 hobgoblins
  A quokka (D:2)
  4 ball pythons
  6 kobolds
  A rat (D:1)
20 creatures vanquished.

Notes
Turn   | Place    | Note
-------+----------+-------------------------------------------
     0 | D:1      | Colgate the Formicid Wanderer began the quest for the Orb.
     0 | D:1      | Colgate set off with the following items: a +2 short sword,
                  | a potion of curing {@q1}, a +0 pair of boots, a scroll of
                  | fog, a +0 leather armour.
     0 | D:1      | Reached XP level 1. HP: 15/15 MP: 1/1
    32 | D:1      | Reached skill level 4 in Stealth
   129 | D:1      | Reached XP level 2. HP: 21/21 MP: 2/2
   576 | D:2      | Noticed Sigmund
   870 | D:2      | Reached skill level 5 in Stealth
   870 | D:2      | Reached XP level 3. HP: 22/26 MP: 3/3
   913 | D:2      | Noticed Terence
  1492 | D:2      | Slain by Sigmund

Illustrated notes

Levels and vault maps discovered:
D:1:      minmay_arrival_diagonal_passages, layout_rooms
D:2:      layout_basic, basic_altar, uniq_sigmund, uniq_terence

Skill      XL: |  1  2 |
---------------+-------+-----
Stealth        | 4 5 |  5.4
Fighting       | |  1.1
Short Blades   | |  4.0
Armour         | |  1.1
Evocations     | |  1.1

Action                     || total
---------------------------++-------
  Melee: Short sword       ||    17
         Dagger            ||    32
Ability: Dig               ||     1
    Use: Scroll            ||     3
   Stab: Sleeping          ||     4
 Armour: Leather armour    ||    23
  Dodge: Dodged            ||    20
